 Dungeon Crawl Stone Soup version 0.19.0 (webtiles) character file.

12054 spe3d0 the Blocker (level 11, -6/56 HPs)
             Began as a Vine Stalker Fighter on Nov 1, 2016.
             Was a High Priest of Okawaru.
             Mangled by a shock serpent (shapeshifter) (9 damage)
             ... on level 12 of the Dungeon.
             The game lasted 00:26:21 (9831 turns).

spe3d0 the Blocker (Vine Stalker Fighter)           Turns: 9831, Time: 00:26:26

Health: -6/56      AC: 25    Str: 19    XL:     11   Next: 87%
Magic:  0/19       EV:  9    Int:  8    God:    Okawaru [*****.]
Gold:   694        SH: 15    Dex: 17    Spells: 0 memorised, 10 levels left

rFire  . . .     SeeInvis .     a - +0 long sword
rCold  . . .     Gourm    .     o - +0 plate armour
rNeg   . . .     Faith    .     c - +1 shield
rPois  .         Spirit   +     s - +1 helmet
rElec  .         Reflect  .     t - +1 cloak
rCorr  +         Harm     .     q - +0 pair of gloves
MR     +....                    T - +0 pair of boots {Fly}
Stlth  ..........               g - amulet of regeneration
                                W - ring of magical power
                                R - ring of resist corrosion

@: heroism, flying
A: fangs 3, low mp 1, regeneration 1, robust 1, evolution 1, magic shield,
antimagic bite, no device heal 3, rot immunity
a: Heroism, Finesse, Renounce Religion, Stop Flying


You were on level 12 of the Dungeon.
You worshipped Okawaru.
Okawaru was extremely pleased with you.
You were not hungry.

You visited 2 branches of the dungeon, and saw 13 of its levels.

You collected 694 gold pieces.


Innate Abilities, Weirdness & Mutations

You have razor-sharp teeth.
Your natural rate of healing is unusually fast.
When hurt, damage is shared between your health and your magic reserves.
Your bite disrupts and absorbs the magic of your enemies.
Potions and wands cannot restore your health.
You are immune to rotting.
Your magical capacity is low. (-10% MP)
You are robust. (+10% HP)
You evolve.


   Skills:
 - Level 2.6(7.6) Fighting
 * Level 10.1(15.1) Long Blades
 * Level 9.4(14.4) Armour
 * Level 10.3(15.3) Shields


You had 10 spell levels left.
You didn't know any spells.

Inventory:

Hand Weapons
 a - a +0 long sword (weapon)
Missiles
 N - 8 javelins of penetration (quivered)
Armour
 c - a +1 shield (worn)
 o - a +0 plate armour (worn)
 q - a +0 pair of gloves (worn)
 s - a +1 helmet (worn)
 t - a +1 cloak (worn)
 T - a +0 pair of boots of flying (worn)
Magical Staves
 Y - an uncursed staff of earth {unknown}
Jewellery
 g - an amulet of regeneration (around neck)
 R - a ring of resist corrosion (left hand)
 W - a ring of magical power (right hand)
Wands
 b - a wand of confusion (41/48)
 p - a wand of lightning (4/15)
 r - a wand of digging (13/24)
 G - a wand of polymorph (7/24)
Scrolls
 d - a scroll of enchant weapon {unknown}
 e - 4 scrolls of enchant armour
 j - 4 scrolls of remove curse {@r2}
 k - 2 scrolls of blinking
 m - 4 scrolls of teleportation {@r4}
 u - 2 scrolls of fog
 y - 3 scrolls of fear
 B - a scroll of summoning
 F - a scroll of recharging
 I - a scroll of vulnerability {unknown}
 P - 2 scrolls of immolation {unknown}
 S - a scroll of acquirement {unknown}
 V - 3 scrolls of identify {@r1}
 X - a scroll of brand weapon {unknown}
Potions
 h - a potion of agility {unknown}
 i - 3 potions of mutation {unknown}
 l - 6 potions of curing {@q1}
 v - 2 potions of flight {unknown}
 w - a potion of cancellation {unknown}
 x - a potion of ambrosia {unknown}
 z - a potion of haste {unknown}
 A - a potion of cure mutation {unknown}
 C - a potion of resistance {unknown}
 D - a potion of lignification {unknown}
 H - a potion of invisibility {unknown}
 J - 2 potions of magic {unknown}
 L - 2 potions of heal wounds {unknown}
 O - 2 potions of berserk rage {unknown}
 Q - 2 potions of brilliance {unknown}
Books
 K - a book of Party Tricks

   Spells                             Type                      Level
   a - Summon Butterflies             Summoning                    1
   b - Apportation                    Translocation                1
   c - Lesser Beckoning               Translocation                3
   d - Tukima's Dance                 Hexes                        3
   e - Alistair's Intoxication        Transmutation/Poison         5
   f - Invisibility                   Hexes                        6
Comestibles
 f - 7 bread rations {@e1}
 n - 3 royal jellies {@e3}
 E - 3 meat rations {@e1}
 M - 3 chunks of flesh
 U - 3 fruits {@e2}

Dungeon Overview and Level Annotations

Branches:
Dungeon (12/15)            Temple (1/1) D:7            Lair (0/6) D:11
    Orc (0/2) D:11

Altars:
Ashenzari
Cheibriados
Dithmenos
Elyvilon
Gozag
Hepliaklqana
Kikubaaqudgha
Makhleb
Nemelex Xobeh
Okawaru
Qazlal
Ru
Trog
Xom
Yredelemnul
Zin
The Shining One

Shops:
D:8

[ #..# ##############..#
... ................#
....
................####....
........................
........................
..#####.................
..# #.................
..# #.........@S......
..# ###########.......
..# ....... ..# ....###
..# ....# .... ....#
#### ..... ......


You could see a shock serpent.


Message History

Okay, then.
You slash the shock serpent! Your bite misses the shock serpent.
The shock serpent is heavily wounded.
The shock serpent's electric aura discharges, shocking you!
You block the shock serpent's attack.
You closely miss the shock serpent. Your bite misses the shock serpent.
The shock serpent is heavily wounded.
The shock serpent bites you but does no damage.
You hit the shock serpent but do no damage.
You bite the shock serpent! You drain its power.
You feel invigorated.
The shock serpent is heavily wounded.
The shock serpent's electric aura discharges, shocking you!
* * * LOW HITPOINT WARNING * * *
The shock serpent shoots out a bolt of lightning at you!
The bolt of electricity hits you!
* * * LOW HITPOINT WARNING * * *
You miss the shock serpent. You bite the shock serpent. You drain its power.
You feel invigorated.
The shock serpent is heavily wounded.
The shock serpent bites you.
* * * LOW HITPOINT WARNING * * *
The shock serpent shocks you!
* * * LOW HITPOINT WARNING * * *
You hit the shock serpent but do no damage.
Your bite misses the shock serpent.
The shock serpent is heavily wounded.
The shock serpent bites you!
* * * LOW HITPOINT WARNING * * *
The shock serpent shocks you!
You die...

Skill      XL: |  1  2  3  4  5  6  7  8  9 10 11 |
---------------+----------------------------------+-----
Long Blades    | 2 3 5 6 7 9 10 | 10.1
Shields        | 3 4 5 6 7 9 10 | 10.3
Armour         | 3 4 5 7 8 9 |  9.4
Fighting       | |  2.6

Action                   |  1- 3 |  4- 6 |  7- 9 | 10-12 || total
-------------------------+-------+-------+-------+-------++-------
Melee: Long sword        |    81 |   106 |   555 |   707 ||  1449
       Bite              |    24 |    36 |   237 |   295 ||   592
Invok: Heroism           |       |       |       |    13 ||    13
  Use: Potion            |       |     1 |     4 |       ||     5
       Scroll            |       |       |       |    12 ||    12
  Eat: Chunk             |     1 |     3 |    14 |    11 ||    29
       Bread ration      |       |       |     1 |     1 ||     2
       Beef jerky        |       |       |       |     1 ||     1
Armor: Scale mail        |    48 |    45 |    30 |       ||   123
       Plate armour      |       |       |   165 |   361 ||   526
Dodge: Dodged            |    38 |    31 |    66 |    98 ||   233
Block: Shield            |    47 |    69 |   241 |   476 ||   833
       Rpst.: Long sword |    17 |    10 |    21 |    27 ||    75

Vault maps used:
D:1:      wheals_arrival_shading, hex_large, st_stairs_11,
          nemelex_xobeh_ov_fountains_minmay
D:2:      minmay_curled_crystal, minmay_surrounded
D:3:      minmay_tree_intersection
D:4:      first_bread, kennysheep_crisscross, cheibrodos_ashenzari_chains
D:5:      grunt_temple_overflow_cloverleaf, minmay_statues_item,
          uniq_prince_ribbit1
D:6:      lexackson_kobold_supper
D:7:      lemuel_slime, nicolae_ru_sacrificial_ziggurat,
          kiku_gazebo_pond_becter, the_bakery
D:8:      serial_shops, shop, uniq_grum, uniq_psyche
D:9:      lemuel_round_altar, lemuel_coloured_pillars_altar,
          gammafunk_temple_overflow_elements, minivault_19
D:10:     basic_altar, uniq_maurice, uniq_urug
D:11:     lair_0_dummy, david_orc_2, mumra_transporter_accident
D:12:     serial_shops, kennysheep_little_box
Temple:   nicolae_temple_figure_zero

Notes
Turn   | Place    | Note
-------+----------+-------------------------------------------
     0 | D:1      | spe3d0 the Vine Stalker Fighter began the quest for the Orb.
     0 | D:1      | Reached XP level 1. HP: 11/11 MP: 2/2
   212 | D:1      | Reached XP level 2. HP: 9/16 MP: 3/3
   252 | D:1      | Reached skill level 2 in Long Blades
   372 | D:1      | Reached skill level 3 in Shields
   508 | D:1      | Found a sparkling altar of Nemelex Xobeh.
   694 | D:2      | Reached XP level 3. HP: 19/19 MP: 4/4
  1170 | D:2      | Gained mutation: Your natural rate of healing is unusually fast. [Vine Stalker growth]
  1170 | D:2      | Reached XP level 4. HP: 23/23 MP: 5/5
  1397 | D:2      | Reached skill level 3 in Armour
  1558 | D:3      | Reached skill level 3 in Long Blades
  1558 | D:3      | Reached XP level 5. HP: 22/27 MP: 4/6
  1634 | D:3      | Reached skill level 4 in Shields
  1873 | D:3      | Noticed jordan's ghost (amateur DrTm)
  1878 | D:3      | Killed jordan's ghost
  1878 | D:3      | Reached XP level 6. HP: 30/32 MP: 7/7
  2001 | D:3      | Reached skill level 4 in Armour
  2034 | D:3      | Reached XP level 7. HP: 33/35 MP: 8/8
  2090 | D:3      | Reached skill level 4 in Long Blades
  2498 | D:4      | Found a shattered altar of Ashenzari.
  2972 | D:4      | Reached skill level 5 in Shields
  3055 | D:5      | Entered Level 5 of the Dungeon
  3278 | D:5      | Noticed Prince Ribbit
  3319 | D:5      | Killed Prince Ribbit
  3319 | D:5      | Reached skill level 5 in Long Blades
  3319 | D:5      | Gained mutation: You have razor-sharp teeth. [Vine Stalker growth]
  3319 | D:5      | Reached XP level 8. HP: 22/39 MP: 9/9
  3473 | D:5      | Reached skill level 5 in Armour
  3551 | D:5      | Found a burning altar of Makhleb.
  3554 | D:5      | Found a basalt altar of Yredelemnul.
  3557 | D:5      | Found a bloodstained altar of Trog.
  3560 | D:5      | Found an opulent altar of Gozag.
  3892 | D:6      | Reached skill level 6 in Shields
  4446 | D:7      | Reached skill level 6 in Long Blades
  4457 | D:7      | Reached XP level 9. HP: 29/43 MP: 10/10
  4474 | D:7      | Found an ancient bone altar of Kikubaaqudgha.
  4484 | D:7      | Reached skill level 6 in Armour
  4708 | D:7      | Reached skill level 7 in Shields
  5044 | D:7      | Found a sacrificial altar of Ru.
  5069 | D:7      | Found a staircase to the Ecumenical Temple.
  5094 | D:7      | Reached skill level 7 in Long Blades
  5098 | D:7      | Gained mutation: You evolve. [mutagenic meat]
  5099 | D:7      | Gained mutation: Your magical capacity is low. (-10% MP) [mutagenic meat]
  5101 | Temple   | Entered the Ecumenical Temple
  5174 | Temple   | Became a worshipper of Warmaster Okawaru
  5719 | D:6      | Reached skill level 7 in Armour
  5958 | D:7      | Reached XP level 10. HP: 29/47 MP: 10/10
  6002 | D:7      | Reached * piety under Okawaru
  6104 | D:8      | Reached skill level 8 in Shields
  6364 | D:8      | Found Caselag's Antique Armour Emporium.
  6480 | D:8      | Noticed Grum
  6514 | D:8      | Reached skill level 8 in Long Blades
  6534 | D:8      | Killed Grum
  6544 | D:8      | Reached ** piety under Okawaru
  6729 | D:8      | Noticed Psyche
  6744 | D:8      | Killed Psyche
  6886 | D:9      | Found a shadowy altar of Dithmenos.
  6886 | D:9      | Found a shimmering altar of Xom.
  6915 | D:9      | Found a white marble altar of Elyvilon.
  7228 | D:9      | Gained mutation: You are robust. (+10% HP) [evolution]
  7296 | D:9      | Reached skill level 8 in Armour
  7296 | D:9      | Reached skill level 9 in Shields
  7529 | D:9      | Found a hazy altar of Hepliaklqana.
  7593 | D:10     | Entered Level 10 of the Dungeon
  7786 | D:10     | Reached *** piety under Okawaru
  7908 | D:10     | Found a stormy altar of Qazlal.
  7966 | D:10     | Noticed lunahex's ghost (novice MiFi)
  8012 | D:10     | Killed lunahex's ghost
  8012 | D:10     | Reached skill level 9 in Long Blades
  8012 | D:10     | Reached XP level 11. HP: 21/56 MP: 10/10
  8284 | D:10     | Noticed Urug
  8294 | D:10     | Noticed a hill giant
  8321 | D:9      | Killed a hill giant
  8321 | D:9      | Reached **** piety under Okawaru
  8424 | D:10     | Noticed Maurice
  8440 | D:10     | Killed Maurice
  8829 | D:11     | Noticed a centaur warrior
  8886 | D:11     | Killed a centaur warrior
  8942 | D:11     | HP: 4/56 [burnt (5)]
  8979 | D:11     | Found a staircase to the Lair.
  9032 | D:10     | Reached ***** piety under Okawaru
  9032 | D:10     | Reached skill level 9 in Armour
  9137 | D:11     | Killed Urug
  9137 | D:11     | Reached skill level 10 in Shields
  9348 | D:11     | Found a staircase to the Orcish Mines.
  9433 | D:11     | Received a gift from Okawaru
  9451 | D:11     | Noticed a hill giant
  9464 | D:11     | Killed a hill giant
  9464 | D:11     | Reached skill level 10 in Long Blades
  9734 | D:12     | Received a gift from Okawaru
  9816 | D:12     | Noticed a shock serpent
  9831 | D:12     | HP: 3/56 [shock serpent (shapeshifter) (3)]
  9831 | D:12     | Mangled by a shock serpent (shapeshifter)

Vanquished Creatures
  A centaur warrior (D:11)
  The ghost of lunahex the Basher, a novice MiFi of Okawaru (D:10)
  Urug (D:11)
  2 hill giants
  Maurice (D:10)
  Psyche (D:8)
  A troll (D:12)
  A slime creature (D:7)
  Prince Ribbit (D:5)
  7 hippogriffs
  A spriggan (D:7)
  A wyvern (D:7)
  3 yaks (D:10)
  Grum (D:8)
  2 hungry ghosts
  The ghost of jordan the Ruffian, an amateur DrTm (D:3)
  A steam dragon (D:10)
  A mottled dragon (D:11)
  A water moccasin (D:8)
  7 ice beasts
  2 orc warriors
  A black bear (D:7)
  3 sky beasts
  6 ogres
  2 phantoms
  A necrophage (D:7)
  4 wolves (D:8)
  2 centaurs
  A crocodile (D:10)
  2 big kobolds
  5 bullfrogs
  2 scorpions
  A crimson imp (D:8)
  2 bullfrog zombies
  2 hounds
  11 jellies
  A bullfrog skeleton (D:11)
  3 centaur skeletons
  6 orc priests
  2 iguanas
  6 orc wizards
  13 worker ants
  A killer bee zombie (D:3)
  3 hound skeletons
  A howler monkey zombie (D:11)
  A worker ant zombie (D:11)
  11 gnolls
  9 adders
  7 oozes
  3 adder skeletons
  An adder zombie (D:8)
  4 worms
  2 dart slugs
  11 leopard geckos
  48 orcs
  2 giant cockroaches
  4 goblins
  6 hobgoblins
  19 jackals
  7 quokkas
  3 ball pythons
  5 bats
  10 frilled lizards
  20 kobolds
  9 rats
  A bush (D:6)
  A plant (D:6)
303 creatures vanquished.

Vanquished Creatures (others)
  6 fungi (D:7)
6 creatures vanquished.

Grand Total: 309 creatures vanquished
